 Dungeon Crawl Stone Soup version 0.31-a0-233-g139696dc86 (webtiles) character file.

Game seed: 16463287578995788532

47 qw the Shooter (level 3, -2/29 HPs)
             Began as a Minotaur Hexslinger on July 7, 2023.
             Slain by a worm (8 damage)
             ... on level 2 of the Dungeon.
             The game lasted 00:00:22 (1118 turns).

qw the Shooter (Minotaur Hexslinger)                Turns: 1118, Time: 00:00:22

Health: -2/29      AC:  4    Str: 12    XL:     3   Next: 48%
Magic:  3/3        EV: 12    Int: 10    God:
Gold:   76         SH:  0    Dex: 14    Spells: 3/4 levels left

rFire   . . .        Y - +1 sling
rCold   . . .        (no shield)
rNeg    . . .        j - +0 leather armour
rPois   .            (helmet restricted)
rElec   .            (no cloak)
rCorr   .            (no gloves)
SInv    .            e - +0 pair of boots
Will    .....        (no amulet)
Stlth   +            (no ring)
HPRegen 0.24/turn    (no ring)
MPRegen 0.08/turn

%: no passive effects
@: about to teleport
A: horns 2, retaliatory headbutt
a: no special abilities


You were on level 2 of the Dungeon.
You visited 1 branch of the dungeon, and saw 2 of its levels.

You collected 76 gold pieces.


Innate Abilities, Weirdness & Mutations

You have a pair of horns on your head.
You reflexively headbutt those who attack you in melee.


   Skills:
 - Level 2.2 Fighting
 + Level 4.0 Ranged Weapons
 - Level 2.1 Dodging
 - Level 1.0 Spellcasting
 - Level 2.0 Hexes


You had 3 spell levels left.
You knew the following spells:

 Your Spells              Type           Power      Damage    Failure   Level
a - Slow                  Hex            16%        N/A       19%         1

Your spell library contained the following spells:

 Spells                   Type           Power      Damage    Failure   Level
 Inner Flame              Hex/Fire       2%         N/A       65%         3
 Portal Projectile        Hex/Tloc       4%         N/A       65%         3
 Cause Fear               Hex            2%         N/A       88%         4

Inventory:

Hand Weapons
 Y - a +1 sling (weapon)
Armour
 e - a +0 pair of boots (worn)
 j - a +0 leather armour (worn)
Scrolls
 a - a scroll of identify
 b - a scroll of blinking {unknown}
 c - a scroll of amnesia {unknown}
 g - a scroll of revelation {unknown}
Potions
 d - a potion of heal wounds

Dungeon Overview and Level Annotations

Branches:
Dungeon (2/15)

Altars:


Message History

You shoot a sling bullet. The sling bullet hits the worm.
The worm is lightly wounded.
The worm bites you.
You shoot a sling bullet.
The sling bullet hits the worm but does no damage.
The worm is lightly wounded.
The worm closely misses you.
You shoot a sling bullet.
The sling bullet hits the worm but does no damage.
The worm is lightly wounded.
You shoot a sling bullet.
The sling bullet completely misses the worm.
The worm bites you! The hobgoblin closely misses you.
You shoot a sling bullet.
The sling bullet barely misses the worm.
The hobgoblin hits you but does no damage.
The worm bites you.
You shoot a sling bullet. The sling bullet hits the worm.
The worm is moderately wounded.
The hobgoblin barely misses you. You furiously retaliate!
You headbutt the hobgoblin. The worm bites you.
The hobgoblin hits you but does no damage.
You shoot a sling bullet.
The sling bullet closely misses the hobgoblin.
The hobgoblin barely misses you. The worm closely misses you.
You shoot a sling bullet.
The sling bullet barely misses the hobgoblin.
The hobgoblin barely misses you.
You shoot a sling bullet. The sling bullet hits the hobgoblin!
You kill the hobgoblin!
The worm closely misses you. You furiously retaliate!
You headbutt the worm!
Your Ranged Weapons skill increases to level 4!
You shoot a sling bullet. The sling bullet hits the worm.
The worm is severely wounded.
The worm bites you!
1118 ||| READING scroll of teleportation.
As you read the scroll of teleportation, it crumbles to dust.
You feel strangely unstable. The worm bites you!
You die...

#... #........ #....#...
#.<...... #....#...
#.....#.# #....#...
#.....#.#.# #....#...
#.....#.#.# # #....#...
#.....#.#.#.# #....##.#
##.....#.#.#.# #....##.#
.......@.....###....'...
##....w#...#........##.#
#....##%..#........##..
#.... #...#........####
##.####...#...)....#
#.............#####
########.#....#
........#....#
#########....#####


You could see a worm.

Vanquished Creatures
  3 adders (D:2)
  A worm (D:2)
  A dart slug (D:1)
  2 endoplasms (D:1)
  A hobgoblin (D:2)
  A kobold (D:2)
  A ball python (D:2)
  3 bats
  2 frilled lizards
  2 goblins
  2 rats (D:1)
19 creatures vanquished.

Notes
Turn   | Place    | Note
-------+----------+-------------------------------------------
     0 | D:1      | qw the Minotaur Hexslinger began the quest for the Orb.
     0 | D:1      | Reached XP level 1. HP: 16/16 MP: 1/1
     0 | D:1      | 0 ||| qw: Version: 0.3-a-46-gb1f654a
     0 | D:1      | 0 ||| qw: Game counter: 3139
     0 | D:1      | 0 ||| qw: Melee chars always use a shield: true
     0 | D:1      | 0 ||| qw: God list: Okawaru
     0 | D:1      | 0 ||| qw: Allow faded altars: false
     0 | D:1      | 0 ||| qw: Do Orc after clearing Dungeon:15 true
     0 | D:1      | 0 ||| qw: Do second Lair branch before Depths: true
     0 | D:1      | 0 ||| qw: Lair rune preference: random
     0 | D:1      | 0 ||| qw: Goals: Normal
     0 | D:1      | 0 ||| PLANNING D:1-11
    76 | D:1      | Found a faded altar of an unknown god.
   363 | D:1      | Reached skill level 3 in Ranged Weapons
   546 | D:1      | Reached XP level 2. HP: 23/23 MP: 2/2
   731 | D:1      | 731 ||| UPGRADING to +0 pair of boots.
   736 | D:1      | 736 ||| UPGRADING to +0 leather armour.
   746 | D:1      | 746 ||| DROPPING +0 robe.
   747 | D:1      | 747 ||| READING scroll labelled KAEN HUHIMM.
   748 | D:1      | 748 ||| READING scroll labelled XUACKIOMNI.
   749 | D:1      | 749 ||| READING scroll labelled WUUNIG WOMO.
   752 | D:1      | 752 ||| DRINKING 2 fuming golden potions.
   753 | D:1      | 753 ||| DRINKING 2 sedimented emerald potions.
   754 | D:1      | 754 ||| DROPPING scroll of poison.
   755 | D:1      | 755 ||| DROPPING potion of invisibility.
   971 | D:2      | Reached XP level 3. HP: 27/29 MP: 3/3
  1117 | D:2      | Reached skill level 4 in Ranged Weapons
  1117 | D:2      | HP: 6/29 [worm (9)]
  1118 | D:2      | 1118 ||| READING scroll of teleportation.
  1118 | D:2      | Slain by a worm

Levels and vault maps discovered:
D:1:      dpeg_arrival_tiny_i, layout_basic,
          hellmonk_ecumenical_altar_pennies_from_heaven
D:2:      layout_basic

Skill      XL: |  1  2  3 |
---------------+----------+-----
Ranged Weapons | 3 4 |  4.0
Fighting       | 2 |  2.2
Dodging        | |  2.1
Spellcasting   | |  1.0
Hexes          | |  2.0

Action                     || total
---------------------------++-------
   Fire: Sling             ||    79
    Use: Scroll            ||     4
         Potion            ||     2
 Armour: Leather armour    ||     6
  Dodge: Dodged            ||    27

Table legend:
 A = Non-vault XP
 B = Vault XP
 C = Vault XP percentage of total XP
 D = Non-vault monster count
 E = Vault monster count
 F = Vault count percentage of total count
                 A         B        C        D         E       F
            +---------+---------+-------+---------+---------+-------
      Total |      68 |       0 |   0.0 |      19 |       0 |   0.0
            +---------+---------+-------+---------+---------+-------
        D:1 |      13 |       0 |   0.0 |       8 |       0 |   0.0
        D:2 |      55 |       0 |   0.0 |      11 |       0 |   0.0
            +---------+---------+-------+---------+---------+-------
